 Dungeon Crawl Stone Soup version 0.20.1-1-g8b1a95d (webtiles) character file.

793 VajrapaniSR the Chopper (level 7, 0/67 HPs)
             Began as a Deep Dwarf Fighter on July 6, 2017.
             Slain by a slave (1 damage)
             ... led by Pikel
             ... on level 7 of the Dungeon on July 8, 2017.
             The game lasted 00:06:03 (889 turns).

VajrapaniSR the Chopper (Deep Dwarf Fighter)         Turns: 889, Time: 00:06:04

Health: 0/67       AC:  7    Str: 21    XL:     7   Next: 57%
Magic:  6/6        EV:  6    Int:  8    God:
Gold:   24         SH:  7    Dex: 13    Spells: 6/6 levels left

rFire    . . .     SeeInvis .   a - +0 war axe
rCold    . . .     Gourm    +   k - +0 shield
rNeg     . . .     Faith    .   i - +0 scale mail
rPois    .         Spirit   .   (no helmet)
rElec    .         Reflect  .   (no cloak)
rCorr    .         Harm     .   r - +0 pair of gloves
MR       +....                  (no boots)
Stlth    ..........             e - amulet of the gourmand
Regen    0.0/turn               (no ring)
MPRegen  0.1/turn               (no ring)

@: non-regenerating, very heavily drained
A: damage resistance, heal wounds, sense surroundings 1, no regeneration
a: Heal Wounds


You were on level 7 of the Dungeon.
You were not hungry.

You visited 1 branch of the dungeon, and saw 7 of its levels.

You collected 24 gold pieces.

Inventory:

Hand Weapons
 a - a +0 war axe (weapon)
 b - a +0 whip of venom
Armour
 g - a +0 plate armour
 i - a +0 scale mail (worn)
 k - a +0 shield (worn)
 p - a +0 chain mail
 r - a +0 pair of gloves (worn)
Jewellery
 c - an uncursed ring of ice
 e - an amulet of the gourmand (around neck)
Wands
 s - a wand of polymorph (11/24)
 t - a wand of flame (26/48)
Scrolls
 h - a scroll of fog
 l - 4 scrolls of remove curse
 m - a scroll of fear
Potions
 d - a potion of might
 o - a potion of lignification {unknown}
 q - a potion of curing {unknown}
Comestibles
 f - 3 bread rations
 j - a royal jelly
 n - 2 meat rations


   Skills:
 + Level 5.2(1.5) Fighting
 * Level 7.9(4.0) Axes
 - Level 3.2(0.0) Armour
 - Level 3.2(0.0) Shields


You had 6 spell levels left.
You didn't know any spells.

Dungeon Overview and Level Annotations

Branches:
Dungeon (6/15)
 Temple: D:4-7

Altars:
Yredelemnul

Annotations:
D:7 Pikel


Innate Abilities, Weirdness & Mutations

You are resistant to damage.
You can heal yourself by infusing magical energy.
You passively map a small area around you.
You do not regenerate.


Message History

The slave barely misses you. The slave hits you but does no damage.
You barely miss the slave. You hit the slave. The slave barely misses you.
You hit Pikel. You closely miss the slave. You block Pikel's attack.
Your shield and scale mail prevent you from hitting Pikel.
You closely miss the slave. x2; The slave hits you.
* * * LOW HITPOINT WARNING * * *
The slave hits you.
* * * LOW HITPOINT WARNING * * *
Pikel zaps a wand.
You resist with almost no effort.
It is a wand of paralysis (?/24).
You block the slave's attack. The slave hits you but does no damage.
You take 3 damage, and have 6/67 hp.
Pikel completely misses you. The slave completely misses you.
The slave hits you.
* * * LOW HITPOINT WARNING * * *
You take 2 damage, and have 4/67 hp.
Pikel zaps a wand.
You resist with almost no effort. The slave hits you.
* * * LOW HITPOINT WARNING * * *
The slave hits you.
You die...

* #. , #.#, , ,* #.#,, ,
## *, #.# ,* ..# #.#
.... ########.# * ,.....
* * ,,
...?..##.####p...!. ..#
#...........@Ko..... * ,
..# #. ##...#...pp......
,
..###.##.....#####.#...#
* ......#.......####.#
###, * ..#*
#.............#
..####........##### , ,
.....#.#.....## * ,
...........%..... , ,,
.###)....#.###.## , , ,


You could see Pikel, 3 slaves and an orc.

Vanquished Creatures
  Duvessa (D:7)
  An ice beast (D:4)
  A black bear (D:6)
  2 phantoms (D:4)
  A bullfrog (D:7)
  Dowan (D:7)
  2 hounds (D:7)
  An orc priest (D:3)
  A worker ant (D:4)
  A howler monkey zombie (D:7)
  A worker ant zombie (D:4)
  3 gnolls
  2 adders (D:3)
  An ooze (D:2)
  2 dart slugs
  2 leopard geckos
  6 orcs
  A giant cockroach (D:2)
  A hobgoblin (D:2)
  A kobold (D:2)
  A ball python (D:3)
  A bat (D:2)
  A rat (D:2)
35 creatures vanquished.

Notes
Turn   | Place    | Note
-------+----------+-------------------------------------------
     0 | D:1      | VajrapaniSR the Deep Dwarf Fighter began the quest for the Orb.
     0 | D:1      | Reached XP level 1. HP: 20/20 MP: 1/1
   234 | D:1      | Reached XP level 2. HP: 24/27 MP: 2/2
   262 | D:2      | Reached skill level 3 in Axes
   312 | D:3      | Reached XP level 3. HP: 25/34 MP: 3/3
   436 | D:3      | Found a basalt altar of Yredelemnul.
   471 | D:3      | Reached skill level 4 in Axes
   471 | D:3      | Reached XP level 4. HP: 30/42 MP: 4/4
   595 | D:4      | Noticed a phantom
   609 | D:4      | Noticed a phantom
   611 | D:4      | Killed a phantom
   611 | D:4      | Reached skill level 5 in Axes
   611 | D:4      | Reached XP level 5. HP: 42/50 MP: 5/5
   643 | D:4      | Killed a phantom
   643 | D:4      | Reached XP level 6. HP: 43/57 MP: 6/6
   655 | D:5      | Entered Level 5 of the Dungeon
   655 | D:5      | Noticed an ice beast
   676 | D:4      | Killed an ice beast
   676 | D:4      | Reached skill level 6 in Axes
   777 | D:6      | You fall through a shaft!
   789 | D:7      | Noticed Dowan
   790 | D:7      | Noticed Duvessa
   803 | D:7      | Killed Duvessa
   803 | D:7      | Reached skill level 7 in Axes
   803 | D:7      | Reached XP level 7. HP: 51/66 MP: 7/7
   832 | D:7      | Reached skill level 5 in Fighting
   864 | D:7      | Killed Dowan
   880 | D:7      | Noticed Pikel
   889 | D:7      | HP: 1/67 [slave[Pikel] (3)]
   889 | D:7      | Slain by a slave

Skill      XL: |  1  2  3  4  5  6  7 |
---------------+----------------------+-----
Axes           | 3 4 5 7 |  7.9
Fighting       | 3 4 5 |  5.2
Armour         | |  3.2
Shields        | |  3.2

Action                   |  1- 3 |  4- 6 |  7- 9 || total
-------------------------+-------+-------+-------++-------
Melee: War axe           |    34 |    76 |    61 ||   171
       Whip              |     6 |       |       ||     6
 Abil: Heal Wounds       |       |     3 |     3 ||     6
  Use: Scroll            |       |     7 |       ||     7
  Eat: Chunk             |       |     4 |       ||     4
Armor: Scale mail        |    15 |    30 |    31 ||    76
Dodge: Dodged            |    13 |    22 |    24 ||    59
Block: Shield            |    25 |    41 |    44 ||   110
